 Dungeon Crawl Stone Soup version 0.23-a0-650-ga4d50d4 (console) character file.

49 bli the Poker (level 3, -1/28 (30) HPs)
             Began as a Merfolk Monk on Jan 4, 2019.
             Was a Believer of Okawaru.
             Slain by a necrophage (6 damage)
             ... on level 2 of the Dungeon.
             The game lasted 00:06:23 (1420 turns).

bli the Poker (Merfolk Monk)                        Turns: 1420, Time: 00:06:23

HP:   -1/28 (30)    AC:  2    Str: 11    XL:     3   Next: 75%
MP:   1/3           EV: 19    Int:  9    God:    Okawaru [**....]
Gold: 62            SH:  0    Dex: 17    Spells: 2/2 levels left

rFire    . . .     SeeInvis .   a - +0 spear
rCold    . . .     Gourm    .   (no shield)
rNeg     . . .     Faith    .   b - +0 robe
rPois    .         Spirit   .   (no helmet)
rElec    .         Reflect  .   (no cloak)
rCorr    .         Harm     .   (no gloves)
MR       .....                  (no boots)
Stlth    ++++......             (no amulet)
HPRegen  0.09/turn              (no ring)
MPRegen  0.08/turn              (no ring)

@: heroism
A: change form in water, swift swim, stealthy swim
a: Heroism, Renounce Religion


You were on level 2 of the Dungeon.
You worshipped Okawaru.
Okawaru was pleased with you.
You were not hungry.

You visited 1 branch of the dungeon, and saw 2 of its levels.

You collected 62 gold pieces.

Inventory:

Hand Weapons
 a - a +0 spear (weapon)
Missiles
 i - 44 stones (quivered)
Armour
 b - a +0 robe (worn)
Scrolls
 e - a scroll of fear {unknown}
 f - a scroll of immolation {unknown}
 g - a scroll of amnesia {unknown}
Potions
 d - a potion of flight {unknown}
 h - 2 potions of curing {unknown}
 j - 3 potions of mutation {unknown}
Comestibles
 c - 2 rations
 k - 4 chunks of flesh


   Skills:
 + Level 4.0(9.0) Fighting
 * Level 5.5(10.5) Polearms
 * Level 4.1(9.1) Dodging
 + Level 2.7(7.7) Stealth


You had 2 spell levels left.
You didn't know any spells.
Your spell library was empty.

Dungeon Overview and Level Annotations

Branches:
Dungeon (2/15)

Altars:
Gozag
Okawaru


Message History

You gain the combat prowess of a mighty hero.
The necrophage completely misses you.
You closely miss the necrophage.
The necrophage is heavily damaged.
The necrophage hits you.
You feel your flesh rotting away!
You hit the necrophage.
The necrophage is heavily damaged.
You barely miss the necrophage.
The necrophage is heavily damaged.
The necrophage hits you.
* * * LOW HITPOINT WARNING * * *
You hit the necrophage.
The necrophage is severely damaged.
You closely miss the necrophage.
The necrophage is severely damaged.
The necrophage barely misses you.
You hit the necrophage but do no damage.
The necrophage is severely damaged.
The necrophage hits you.
You die...

.....### #....# +#+#.#.###
##'#.## .#.#.#.#.# ####.#...
.........# .......... .#.#.#.#(#
#############.#... .....#.#.#
#........ #.#... .#.###.#.#
#........ #.#..# .......#.#
#........ #.#... ##.#####.#
#........ #.#. ##.# #.# #.......)
#.#... ...# #.#######@n......
#..... ########...........(....
#####. .....................(.(
#. ######...#######........
###### ####........####.......(
....... ...#...............###+#
######. ...#...............# #.
...#...............###+##########
....)...........###............#.
................# #............#.
................# #............#.


You could see a necrophage.

Vanquished Creatures
  2 oozes (D:2)
  A dart slug (D:1)
  A leopard gecko (D:2)
  9 bats
  6 goblins
  3 hobgoblins (D:2)
  6 kobolds
  8 rats
36 creatures vanquished.

Notes
Turn   | Place    | Note
-------+----------+-------------------------------------------
     0 | D:1      | bli the Merfolk Monk began the quest for the Orb.
     0 | D:1      | Reached XP level 1. HP: 18/18 MP: 1/1
   187 | D:1      | Reached XP level 2. HP: 24/24 MP: 2/2
   913 | D:2      | Found an opulent altar of Gozag.
   927 | D:2      | Reached XP level 3. HP: 21/30 MP: 3/3
  1004 | D:2      | Reached skill level 5 in Polearms
  1102 | D:2      | Found an iron altar of Okawaru.
  1124 | D:2      | Became a worshipper of Warmaster Okawaru
  1124 | D:2      | Reached * piety under Okawaru
  1124 | D:2      | Reached ** piety under Okawaru
  1402 | D:2      | Noticed a necrophage
  1420 | D:2      | Slain by a necrophage

Vault maps used:
D:1:      co_arrival_random_square_maze, serial_glass, glass_columns_a,
          glass_columns_a
D:2:      grunt_gozag_breadcrumbs, nicolae_overflow_crystal_walls,
          minmay_overflow_temple_star_quad, chequers_serial_rivers_room_a

Skill      XL: |  1  2  3 |
---------------+----------+-----
Fighting       | 4 |  4.0
Polearms       | 5 |  5.5
Dodging        | |  4.1
Stealth        | |  2.7

Action                   || total
-------------------------++-------
Melee: Spear             ||   147
Throw: Stone             ||     5
Invok: Heroism           ||     1
 Stab: Sleeping          ||    10
  Eat: Chunk             ||     2
Armor: Robe              ||    19
Dodge: Dodged            ||    60

Table legend:
 A = Non-vault XP
 B = Vault XP
 C = Vault XP percentage of total XP
 D = Non-vault monster count
 E = Vault monster count
 F = Vault count percentage of total count
                 A         B        C        D         E       F
            +---------+---------+-------+---------+---------+-------
      Total |      70 |       0 |   0.0 |      36 |       0 |   0.0
            +---------+---------+-------+---------+---------+-------
        D:1 |      27 |       0 |   0.0 |      18 |       0 |   0.0
        D:2 |      43 |       0 |   0.0 |      18 |       0 |   0.0
            +---------+---------+-------+---------+---------+-------
